 Dungeon Crawl Stone Soup version 0.18.1-48-g4cf74bf (webtiles) character file.

154959 Peloso the Fencer (level 17, -1/160 HPs)
             Began as a Minotaur Fighter on June 29, 2016.
             Was a High Priest of Okawaru.
             Slain by Cigotuvi's Monster (24 damage)
             ... in a wizard's laboratory.
             The game lasted 01:59:54 (35558 turns).

Peloso the Fencer (Minotaur Fighter)               Turns: 35558, Time: 01:59:55

Health: -1/160     AC: 40    Str: 35    XL:     17   Next: 7%
Magic:  27/27      EV: 14    Int:  5    God:    Okawaru [*****.]
Gold:   2985       SH: 10    Dex: 11    Spells: 0 memorised, 16 levels left

rFire  . . .     SeeInvis .     Y - +1 long sword (freeze)
rCold  + . .     Gourm    +     V - +13 plate armour of Weightlessness {+Inv MR+ MP+9}
rNeg   . . .     Faith    .     x - +2 buckler
rPois  .         Spirit   .     (helmet restricted)
rElec  .         Dismiss  .     s - +2 cloak
rCorr  .         Reflect  .     (no gloves)
SustAt .         Harm     .     N - +1 pair of boots {run}
MR     ++...                    o - amulet of the gourmand
Stlth  ..........               i - ring "Qogarom" {rC+ Str+4}
                                z - +5 ring of evasion

@: mighty, lethally poisoned (-1 -> -50), constricted, quick, very resistant to
hostile enchantments, extremely unstealthy
A: retaliatory headbutt, horns 2, rough black scales 1
a: Heroism, Finesse, Renounce Religion, Evoke Invisibility


You were in a wizard's laboratory.
You worshipped Okawaru.
Okawaru was extremely pleased with you.
You were not hungry.

You visited 5 branches of the dungeon, and saw 28 of its levels.
You visited the Abyss 2 times.
You also visited: Bailey, Ice Cave and Wizlab.

You collected 3259 gold pieces.
You spent 274 gold pieces at shops.

Inventory:

Hand Weapons
 E - a +2 scimitar of holy wrath
 O - a +1 scimitar of flaming
 R - the +6 spear "Death Rattle" {flame, -Tele rElec Dex+2}
   (You found it on level 4 of the Lair of Beasts)

   It has been specially enchanted to burn those struck by it, causing extra
   injury to most foes and up to half again as much damage against particularly
   susceptible opponents.
   It affects your dexterity (+2).
   It insulates you from electricity.
   It prevents most forms of teleportation.
 Y - a +1 long sword of freezing (weapon)
Armour
 s - a +2 cloak (worn)
 x - a +2 buckler (worn)
 N - a +1 pair of boots of running (worn)
 V - the +13 plate armour of Weightlessness (worn) {+Inv MR+ MP+9}
   (Okawaru gifted it to you on level 11 of the Dungeon)

   It affects your resistance to hostile enchantments.
   It affects your magic capacity (+9).
   It lets you turn invisible.
Jewellery
 a - an uncursed ring of ice
 i - the ring "Qogarom" (right hand) {rC+ Str+4}
   (You found it in a wizard's laboratory)

   [ring of protection from cold]

   It affects your strength (+4).
   It protects you from cold.
 o - an amulet of the gourmand (around neck)
 p - an uncursed ring of poison resistance
 u - a cursed -3 ring of protection
 z - a +5 ring of evasion (left hand)
Wands
 l - a wand of heal wounds (2/9)
 r - a wand of digging (15/24)
 I - a wand of digging (9/24)
 T - a wand of lightning (5/15)
 W - a wand of disintegration (7/24)
Scrolls
 b - 4 scrolls of recharging
 e - a scroll of magic mapping
 g - 8 scrolls of teleportation
 y - 2 scrolls of fear
 A - 3 scrolls of enchant weapon
 B - a scroll of summoning
 F - 6 scrolls of enchant armour
 H - a scroll of remove curse
 Q - a scroll of fog
Potions
 c - 5 potions of beneficial mutation
 d - 4 potions of might
 j - a potion of haste
 n - 4 potions of curing
 q - 3 potions of resistance
 t - 5 potions of flight
 w - a potion of invisibility
 C - 5 potions of cure mutation
 J - 2 potions of brilliance
 M - 4 potions of agility
 X - a potion of berserk rage
Comestibles
 f - 13 bread rations
 h - a royal jelly
 k - 5 slices of pizza
 m - 8 beef jerkies
 D - 4 fruits
 S - 8 meat rations


   Skills:
 + Level 16.7 Fighting
 + Level 19.1 Long Blades
 + Level 1.6 Polearms
 + Level 15.5 Armour
 + Level 7.6 Dodging
 + Level 2.5 Stealth
 + Level 17.7 Shields
 + Level 3.7 Invocations
 + Level 2.6 Evocations


You had 16 spell levels left.
You didn't know any spells.

Dungeon Overview and Level Annotations

Branches:
Dungeon (15/15)            Temple (1/1) D:4            Lair (8/8) D:9
  Swamp (0/4) Lair:6        Snake (0/4) Lair:5          Orc (2/2) D:11
    Elf (2/3) Orc:2        Vaults (0/5) D:14         Depths (0/5) D:15
  Slime: Lair:6-8

Altars:
Ashenzari
Cheibriados
Dithmenos
Elyvilon
Fedhas
Gozag
Kikubaaqudgha
Makhleb
Okawaru
Pakellas
Qazlal
Ru
Sif Muna
Trog
Vehumet
Xom
Yredelemnul
Zin
The Shining One
Beogh

Shops:
D:10 ([}(!   D:12 :   D:14 ((   D:15 *   Orc:2 !([:

Portals:
Trove: D:13 (give horn of Geryon)

Annotations:
Lair:7 exclusion: 3 oklob plants
Elf:2 Donald


Innate Abilities, Weirdness & Mutations

You reflexively headbutt those who attack you in melee.
You have a pair of horns on your head.
You are partially covered in rough black scales (AC +4, Dex -1).


Message History

Your headbutt misses Cigotuvi's Monster.
Cigotuvi's Monster is almost dead.
You block Cigotuvi's Monster's attack.
Cigotuvi's Monster tramples you but does no damage.
Cigotuvi's Monster stings you!
* * * LOW HITPOINT WARNING * * *
You are lethally poisoned!
Cigotuvi's Monster poisons you!
* * * LOW HITPOINT WARNING * * *
Cigotuvi's Monster constricts you.
You hit Cigotuvi's Monster. You freeze Cigotuvi's Monster.
You headbutt Cigotuvi's Monster, but do no damage.
Cigotuvi's Monster is almost dead.
* * * LOW HITPOINT WARNING * * *
You feel very sick.
Cigotuvi's Monster hits you but does no damage.
Cigotuvi's Monster tramples you but does no damage.
Cigotuvi's Monster stings you.
* * * LOW HITPOINT WARNING * * *
You die...

####* ### ###
*#??|####.### ##### #∩#
*.....#.....###...###'####
*...X.......##.....#...#..
*..........##......†...†..
*....H.....##......#...#..
*....X...X.##.######...##.
*.....###H#####§§####'####
*#??,**#.@# **§§§§##...#..
#**** #..# *,§§§uu#...#..
**,,**##..# *,§§.uu#...)..
*,,,,##...# **§§§.##...#.#
*,,,,+...## *#§§####'####
*,,,,#...# ####.#...#..
**,**###'## ####..#....†.
**####...####.....%...#..
####.........#.....#...##.


You could see Cigotuvi's Monster and a large abomination.

Vanquished Creatures
  Frances (D:14)
  Agnes (D:14)
  Roxanne (Elf:1)
  2 orc warlords
  Louise (Elf:1)
  6 very ugly things (WizLab)
  Azrael (Orc:2)
  2 ettins
  Josephine (Lair:4)
  The ghost of maxonian the Bludgeoner, a journeyman OgGl of Okawaru (D:10)
  5 hydras
  A death knight (D:15)
  5 catoblepae
  A ghost crab (shapeshifter) (WizLab)
  3 centaur warriors
  10 dancing weapons (Elf:1)
  17 death yaks
  A queen ant (D:12)
  2 tengu warriors
  Urug (Lair:4)
  An iron golem (WizLab)
  4 slime creatures
  Sonja (Lair:3)
  7 deep elf knights (Elf:1)
  A fire crab (shapeshifter) (WizLab)
  4 unseen horrors
  3 hill giants
  2 phantasmal warriors (D:15)
  4 deep elf archers (Elf:1)
  4 orc knights
  A harpy (shapeshifter) (WizLab)
  15 ugly things
  An oklob plant (Elf:1)
  2 fauns (shapeshifter) (WizLab)
  5 griffons
  2 hornets (shapeshifter) (WizLab)
  A salamander (D:15)
  21 deep elf magi
  A wolf spider (shapeshifter) (WizLab)
  3 manticores
  4 orc sorcerers
  A centaur zombie (D:15)
  Joseph (D:7)
  An octopode (shapeshifter) (D:14)
  11 black mambas
  2 ice statues (IceCv)
  A torpor snail (Lair:8)
  15 elephants
  A kobold demonologist (D:15)
  An eye of devastation (shapeshifter) (WizLab)
  10 komodo dragons
  16 spiny frogs
  3 tengu conjurers
  3 rime drakes
  2 elves (WizLab)
  A yaktaur (shapeshifter) (WizLab)
  A polar bear (Lair:7)
  2 guardian mummies (D:13)
  5 trolls
  3 two-headed ogres
  6 large abominations (WizLab)
  A two-headed ogre (shapeshifter) (WizLab)
  2 wind drakes (shapeshifter)
  Prince Ribbit (Lair:3)
  24 blink frogs
  A slime creature (shapeshifter) (D:14)
  A boulder beetle (D:10)
  A shadow (D:15)
  An air elemental (Elf:1)
  A spriggan (D:7)
  4 spriggans (shapeshifter)
  9 wraiths
  55 yaks
  A water elemental (Elf:1)
  A yak (shapeshifter) (WizLab)
  5 fire elementals
  3 humans (WizLab)
  3 humans (shapeshifter) (WizLab)
  4 wyverns
  5 basilisks
  2 steam dragons (Lair:8)
  A hippogriff (shapeshifter) (WizLab)
  12 hippogriffs
  A hungry ghost (D:12)
  6 wargs
  5 vampire mosquitoes
  20 soldier ants (D:12)
  5 swamp worms (Lair:6)
  A mottled dragon (shapeshifter) (WizLab)
  4 hell hounds (Orc:2)
  11 water moccasins
  4 giant eyeballs (WizLab)
  9 porcupines
  50 orc warriors
  2 sky beasts (D:7)
  3 black bears
  A wasp (D:11)
  A phantom (D:11)
  A black bear (shapeshifter) (WizLab)
  An eye of draining (D:12)
  7 wolves
  11 ice beasts
  12 ogres
  A necrophage (D:6)
  An ogre (shapeshifter) (WizLab)
  13 centaurs
  A crocodile (shapeshifter) (WizLab)
  24 crocodiles
  15 giant frogs
  3 big kobolds
  Blork the orc (D:6)
  4 earth elementals
  4 jellies
  A gnoll sergeant (D:9)
  9 small abominations (WizLab)
  A wyvern skeleton (D:14)
  5 scorpions
  A troll zombie (D:13)
  13 killer bees
  2 howler monkeys (D:8)
  8 wights (D:15)
  3 electric eels
  3 giant frog zombies
  5 crimson imps
  A quasit (D:9)
  26 orc priests
  9 hounds
  3 human zombies (D:13)
  2 gnoll shamans
  Crazy Yiuf (D:3)
  4 centaur skeletons
  2 giant frog skeletons
  31 orc wizards
  8 iguanas
  25 worker ants
  19 sheep
  2 ogre zombies (D:13)
  A hound zombie (D:5)
  A hound skeleton (D:7)
  4 mummies (D:13)
  A howler monkey skeleton (D:9)
  22 gnolls
  15 adders
  58 river rats
  12 white imps (Lair:8)
  5 worms
  4 dart slugs
  7 giant geckos
  106 orcs
  4 bats
  6 giant cockroaches
  25 hobgoblins
  11 jackals
  4 quokkas
  4 ball pythons
  A giant gecko skeleton (D:6)
  5 giant newts
  19 goblins
  A jackal skeleton (D:5)
  21 kobolds
  A quokka skeleton (D:6)
  4 rats
  A fungus (D:9)
1123 creatures vanquished.

Vanquished Creatures (others)
  A golden eye (shapeshifter) (WizLab)
  A black bear (shapeshifter) (WizLab)
  An orc wizard (Orc:2)
  14 fungi
  14 plants
31 creatures vanquished.

Grand Total: 1154 creatures vanquished

Notes
Turn   | Place    | Note
--------------------------------------------------------------
     0 | D:1      | Peloso the Minotaur Fighter began the quest for the Orb.
     0 | D:1      | Reached XP level 1. HP: 19/19 MP: 0/0
   152 | D:1      | Reached XP level 2. HP: 25/27 MP: 1/1
   527 | D:2      | Reached XP level 3. HP: 26/34 MP: 2/2
   829 | D:2      | Found an ancient bone altar of Kikubaaqudgha.
  1182 | D:3      | Reached XP level 4. HP: 41/41 MP: 3/3
  1272 | D:3      | Noticed Crazy Yiuf
  1278 | D:3      | Killed Crazy Yiuf
  1278 | D:3      | Reached skill level 3 in Long Blades
  1485 | D:3      | Reached skill level 1 in Dodging
  1667 | D:3      | Reached XP level 5. HP: 47/47 MP: 4/4
  1842 | D:4      | Found a glowing golden altar of the Shining One.
  2048 | D:4      | Found a staircase to the Ecumenical Temple.
  2109 | Temple   | Entered the Ecumenical Temple
  2187 | Temple   | Became a worshipper of Warmaster Okawaru
  2234 | D:4      | Noticed an ogre
  2377 | D:4      | Killed an ogre
  2377 | D:4      | Reached skill level 5 in Armour
  2377 | D:4      | Reached skill level 5 in Shields
  2424 | D:4      | Reached skill level 5 in Fighting
  2424 | D:4      | Reached XP level 6. HP: 33/56 MP: 5/5
  2593 | D:5      | Entered Level 5 of the Dungeon
  2874 | D:5      | Reached * piety under Okawaru
  3092 | D:5      | Noticed an ice beast
  3097 | D:5      | Killed an ice beast
  3097 | D:5      | Reached skill level 4 in Long Blades
  3097 | D:5      | Reached XP level 7. HP: 61/61 MP: 6/6
  3340 | D:6      | Found a sacrificial altar of Ru.
  3343 | D:6      | Found a shimmering altar of Xom.
  3343 | D:6      | Found a radiant altar of Vehumet.
  3361 | D:6      | Cast into level 1 of the Abyss (orc wizard)
  3376 | D:6      | Escaped the Abyss
  3525 | D:6      | Found a snail-covered altar of Cheibriados.
  3539 | D:6      | Found a basalt altar of Yredelemnul.
  3720 | D:6      | Noticed Blork the orc
  3729 | D:6      | Killed Blork the orc
  4191 | D:7      | Reached XP level 8. HP: 23/70 MP: 7/7
  4431 | D:7      | Reached skill level 5 in Long Blades
  4437 | D:7      | Found a blossoming altar of Fedhas.
  4518 | D:7      | Reached ** piety under Okawaru
  4518 | D:7      | Reached skill level 1 in Stealth
  4956 | D:7      | Found a shattered altar of Ashenzari.
  5129 | D:7      | Found an oddly glowing altar of Pakellas.
  5145 | D:7      | Noticed Joseph
  5174 | D:7      | Killed Joseph
  5174 | D:7      | Reached *** piety under Okawaru
  5174 | D:7      | Reached skill level 6 in Long Blades
  5271 | D:7      | Reached XP level 9. HP: 78/78 MP: 8/8
  5667 | D:8      | Found a burning altar of Makhleb.
  6194 | D:8      | Reached **** piety under Okawaru
  6194 | D:8      | Reached skill level 5 in Dodging
  6348 | D:9      | Reached skill level 7 in Long Blades
  6373 | D:9      | Found a staircase to the Lair.
  6793 | D:9      | Reached skill level 10 in Shields
  7183 | D:10     | Entered Level 10 of the Dungeon
  7183 | D:10     | Found Ulunluzu's Armour Shop.
  7211 | D:10     | Reached XP level 10. HP: 82/88 MP: 9/9
  7252 | D:10     | Found Luesokh's Antique Weapon Shoppe.
  7362 | D:10     | Got a steaming halberd
  7461 | D:10     | Noticed a hill giant
  7469 | D:10     | Killed a hill giant
  7469 | D:10     | Reached skill level 8 in Long Blades
  7489 | D:10     | Found Zextahil's Weapon Shop.
  7562 | D:10     | Found Xiabemed's Distillery.
  7877 | D:10     | Found an oddly glowing altar of Pakellas.
  7877 | D:10     | Found Pakellas's Prime Provisions.
  7959 | D:10     | Reached ***** piety under Okawaru
  8534 | D:10     | Noticed maxonian's ghost (journeyman OgGl)
  8543 | D:10     | Killed maxonian's ghost
  8543 | D:10     | Reached skill level 9 in Long Blades
  8558 | D:10     | Noticed a hill giant
  8570 | D:10     | Killed a hill giant
  8570 | D:10     | Reached skill level 1 in Invocations
  8780 | D:11     | Reached XP level 11. HP: 93/97 MP: 11/11
  8798 | D:11     | Reached skill level 10 in Armour
  8919 | D:11     | Noticed a cyan ugly thing
  8926 | D:11     | Received a gift from Okawaru
  8946 | D:11     | Killed a cyan ugly thing
  8946 | D:11     | Reached skill level 10 in Long Blades
  8957 | D:11     | Got a steaming plate armour {god gift}
  9232 | D:11     | Identified the +13 plate armour of Weightlessness {+Inv MR+ MP+9} (Okawaru gifted it to you on level 11 of the Dungeon)
  9520 | D:11     | You fall through a shaft!
  9527 | D:12     | Reached skill level 10 in Fighting
  9625 | D:12     | Noticed a queen ant
  9679 | D:12     | Killed a queen ant
  9942 | D:12     | Reached skill level 11 in Long Blades
  9945 | D:12     | Noticed a deep elf mage
  9977 | D:12     | Killed a deep elf mage
 10218 | D:12     | Noticed a hill giant
 10235 | D:12     | Killed a hill giant
 10390 | D:12     | Reached ****** piety under Okawaru
 10390 | D:12     | Received a gift from Okawaru
 10390 | D:12     | Reached XP level 12. HP: 108/108 MP: 12/12
 10393 | D:12     | Got a blackened bardiche {god gift}
 10419 | D:12     | Found Foguepenna's Book Emporium.
 10649 | D:12     | Identified the +9 halberd of Mulet {flame, rF+} (You found it on level 10 of the Dungeon)
 10650 | D:12     | Identified the +5 bardiche of Mugiw {drain, *Noise rElec rC+ Str+3} (Okawaru gifted it to you on level 12 of the Dungeon)
 10742 | Lair:1   | Entered Level 1 of the Lair of Beasts
 11667 | Lair:1   | Reached skill level 12 in Long Blades
 12719 | Lair:3   | Noticed Prince Ribbit
 12748 | Lair:3   | Killed Prince Ribbit
 12829 | Lair:3   | Reached skill level 13 in Long Blades
 12838 | Lair:3   | Noticed Sonja
 12865 | Lair:3   | Killed Sonja
 12865 | Lair:3   | Reached skill level 1 in Evocations
 13379 | Lair:3   | Received a gift from Okawaru
 14311 | Lair:4   | Reached XP level 13. HP: 112/119 MP: 13/13
 14480 | Lair:4   | Noticed Josephine
 14503 | Lair:4   | Killed Josephine
 14514 | Lair:4   | Reached skill level 14 in Long Blades
 15040 | Lair:4   | Noticed Urug
 15052 | Lair:4   | Killed Urug
 15516 | Lair:4   | Received a gift from Okawaru
 15553 | Lair:4   | Identified a +1 pair of boots of running (Okawaru gifted it to you on level 4 of the Lair of Beasts)
 15562 | Lair:4   | Got a scorched spear
 15563 | Lair:4   | Identified the +6 spear "Death Rattle" {flame, -Tele rElec Dex+2} (You found it on level 4 of the Lair of Beasts)
 15664 | Lair:4   | Reached skill level 1 in Polearms
 16946 | Lair:5   | Found a staircase to the Snake Pit.
 16968 | Lair:5   | Reached skill level 15 in Long Blades
 17895 | Lair:6   | Reached XP level 14. HP: 70/130 MP: 14/14
 18247 | Lair:6   | Found a staircase to the Swamp.
 18349 | Lair:6   | Received a gift from Okawaru
 19177 | Lair:7   | Received a gift from Okawaru
 19294 | Lair:8   | Entered Level 8 of the Lair of Beasts
 19422 | Lair:8   | Found a frozen archway.
 19489 | IceCv    | Entered an ice cave
 19984 | Lair:8   | Reached skill level 16 in Long Blades
 20261 | Lair:8   | Reached skill level 15 in Shields
 20633 | Lair:8   | Received a gift from Okawaru
 21330 | Lair:8   | Reached XP level 15. HP: 139/139 MP: 16/16
 22138 | D:13     | Reached skill level 15 in Fighting
 22166 | D:13     | Found a flagged portal.
 22177 | Bailey   | Entered a bailey
 22515 | Bailey   | Noticed an orc warlord
 22564 | Bailey   | Killed an orc warlord
 22650 | Bailey   | Identified Goghiq's Volume of Enthralling Weightlessness
 23313 | D:13     | Found a portal to a secret trove of treasure.
 23657 | D:13     | Found an ancient bone altar of Kikubaaqudgha.
 23939 | D:13     | You fall through a shaft for 2 floors!
 23939 | D:15     | Entered Level 15 of the Dungeon
 24297 | D:14     | Received a gift from Okawaru
 24445 | D:15     | Found a staircase to the Depths.
 24470 | D:15     | Reached skill level 17 in Long Blades
 24965 | D:15     | Found a burning altar of Makhleb.
 25578 | D:15     | Gained mutation: You are partially covered in rough black scales (AC +4, Dex -1). [potion of beneficial mutation]
 25787 | D:15     | Found Cuotesh's General Store.
 25798 | D:15     | Bought a scroll of magic mapping for 56 gold pieces
 26008 | D:14     | Found a gate to the Vaults.
 26124 | D:14     | Noticed Frances
 26152 | D:14     | Killed Frances
 26182 | D:14     | Found Deuvu's Weapon Shop.
 26474 | D:14     | Found Piehiegy's Weapon Boutique.
 26764 | D:14     | Noticed Agnes
 26803 | D:14     | Killed Agnes
 27615 | D:11     | Found a staircase to the Orcish Mines.
 27636 | D:11     | Found a roughly hewn altar of Beogh.
 27655 | Orc:1    | Entered Level 1 of the Orcish Mines
 27714 | Orc:1    | Found a roughly hewn altar of Beogh.
 28740 | Orc:2    | Entered Level 2 of the Orcish Mines
 29106 | Orc:2    | Noticed Azrael
 29144 | Orc:2    | Killed Azrael
 29192 | Orc:2    | Found a roughly hewn altar of Beogh.
 29192 | Orc:2    | Found Weder's Book Shoppe.
 29559 | Orc:2    | Reached XP level 16. HP: 150/150 MP: 17/17
 30107 | Orc:2    | Found a roughly hewn altar of Beogh.
 30107 | Orc:2    | Found Moinuomn's Antique Armour Emporium.
 30112 | Orc:2    | Found Meheirphuz's Antique Weapon Shoppe.
 30127 | Orc:2    | Bought a pair of steaming boots for 218 gold pieces
 30137 | Orc:2    | Identified the cursed -3 pair of boots "Biqeroce" {Str+3} (You bought it in a shop on level 2 of the Orcish Mines)
 30301 | Orc:2    | Found a roughly hewn altar of Beogh.
 30306 | Orc:2    | Reached skill level 18 in Long Blades
 30309 | Orc:2    | Found Epteful's Distillery.
 30360 | Orc:2    | Received a gift from Okawaru
 30377 | Orc:2    | Found a roughly hewn altar of Beogh.
 30415 | Orc:2    | Found a roughly hewn altar of Beogh.
 30652 | Orc:2    | Found a staircase to the Elven Halls.
 30687 | Elf:1    | Entered Level 1 of the Elven Halls
 31161 | Elf:1    | Received a gift from Okawaru
 31164 | Elf:1    | Reached skill level 15 in Armour
 31659 | Elf:1    | Noticed Roxanne
 31709 | Elf:1    | Killed Roxanne
 32326 | Elf:1    | Noticed Louise
 32340 | Elf:1    | Cast into level 2 of the Abyss (Louise)
 32389 | Elf:1    | Escaped the Abyss
 32408 | Elf:1    | Killed Louise
 33379 | Elf:2    | Found a magical portal.
 33379 | Elf:2    | Noticed Donald
 33385 | WizLab   | Entered Cigotuvi's Fleshworks
 34330 | WizLab   | Reached skill level 19 in Long Blades
 34949 | WizLab   | Reached XP level 17. HP: 112/160 MP: 18/18
 35045 | WizLab   | Paralysed by a giant eyeball for 2 turns
 35281 | WizLab   | Got a heavily runed glass ring
 35283 | WizLab   | Identified the ring "Qogarom" {rC+ Str+4} (You found it in a wizard's laboratory)
 35520 | WizLab   | Noticed Cigotuvi's Monster
 35558 | WizLab   | Slain by Cigotuvi's Monster

Skill      XL: |  1  2  3  4  5  6  7  8  9 10 11 12 13 14 15 16 |
---------------+-------------------------------------------------+-----
Fighting       | 4 5 6 8 9 10 12 13 14 15 16 | 16.7
Shields        | 4 5 6 7 8 10 11 12 13 15 16 17 | 17.7
Armour         | 4 5 6 7 8 9 10 12 13 14 15 | 15.5
Long Blades    | 3 4 6 7 9 11 13 15 16 17 19 | 19.1
Dodging        | 1 2 3 4 5 6 7 |  7.6
Stealth        | 1 2 |  2.5
Invocations    | 1 2 3 |  3.7
Evocations     | 1 2 |  2.6
Polearms       | 1 |  1.6

Action                   |  1- 3 |  4- 6 |  7- 9 | 10-12 | 13-15 | 16-18 || total
-------------------------+-------+-------+-------+-------+-------+-------++-------
Melee: Long sword        |   103 |   105 |   437 |  1024 |  2285 |   641 ||  4595
       Headbutt          |    10 |    22 |    75 |   256 |   672 |   228 ||  1263
       Spear             |       |       |       |       |    27 |       ||    27
       Halberd           |       |       |       |       |     6 |       ||     6
       Punch             |       |       |       |       |     2 |       ||     2
       Falchion          |       |       |       |       |   130 |       ||   130
       Scimitar          |       |       |       |       |    63 |   254 ||   317
Invok: Heroism           |       |       |     6 |    15 |    30 |    12 ||    63
       Finesse           |       |       |       |       |     1 |     1 ||     2
 Abil: Evoke Berserk Rag |       |       |       |     1 |       |       ||     1
       Evoke Invisibilit |       |       |       |       |       |     1 ||     1
Evoke: Wand              |       |       |       |     5 |       |    13 ||    18
  Use: Scroll            |       |    15 |     1 |     5 |    18 |     9 ||    48
       Potion            |       |       |     1 |     2 |     5 |    11 ||    19
 Stab: Petrifying        |       |       |       |       |     1 |       ||     1
       Invisible         |       |       |       |       |       |     3 ||     3
  Eat: Chunk             |     1 |     5 |    12 |    26 |    61 |    13 ||   118
       Fruit             |       |       |     1 |     2 |       |       ||     3
       Pizza             |       |       |     1 |       |       |       ||     1
Armor: Scale mail        |    34 |       |       |       |       |       ||    34
       Chain mail        |    12 |    83 |   103 |       |       |       ||   198
       Plate armour      |       |       |    88 |   384 |  1248 |   291 ||  2011
Dodge: Dodged            |    33 |    27 |   121 |   455 |   969 |   307 ||  1912
Block: Shield            |    56 |    67 |   262 |   292 |  1121 |       ||  1798
       Buckler           |       |       |       |       |   235 |   259 ||   494
